 Dungeon Crawl Stone Soup version 0.32-a0-338-g4f8ebfe289 (webtiles) character file.

Game seed: 18301796568534425709

48 Bnni the Chopper (level 3, -2/33 HPs)
             Began as a Mountain Dwarf Fighter on Feb 17, 2024.
             Slain by a gnoll
             ... wielding a +0 whip
              (4 damage)
             ... on level 2 of the Dungeon.
             The game lasted 00:01:40 (1117 turns).

Bnni the Chopper (Mountain Dwarf Fighter)           Turns: 1117, Time: 00:01:41

Health: -2/33      AC:  6    Str: 20    XL:     3   Next: 50%
Magic:  3/3        EV:  9    Int: 14    God:
Gold:   61         SH:  4    Dex:  9    Spells: 2/2 levels left

rFire   . . .        a - +0 war axe
rCold   . . .        c - +0 buckler
rNeg    . . .        b - +0 scale mail
rPois   .            (no helmet)
rElec   .            (no cloak)
rCorr   .            (no gloves)
SInv    .            (no boots)
Will    .....        (no amulet) Stlth
                     g - +6 ring of intelligence
HPRegen 0.25/turn    (no ring)
MPRegen 0.08/turn

%: no passive effects
@: no status effects
A: runic magic, artefact enchanting
a: no special abilities


You were on level 2 of the Dungeon.
You visited 1 branch of the dungeon, and saw 2 of its levels.

You collected 61 gold pieces.

Inventory:

Hand Weapons
 a - a +0 war axe (weapon)
Missiles
 i - 3 poisoned darts (quivered)
Armour
 b - a +0 scale mail (worn)
 c - a +0 buckler (worn)
Jewellery
 e - a ring of ice
 g - a +6 ring of intelligence (left hand)
Scrolls
 h - a scroll of enchant armour {unknown}
 j - a scroll of identify {unknown}
Potions
 d - a potion of might
 f - a potion of curing {unknown}


   Skills:
 + Level 3.9 Fighting
 * Level 4.1 Axes
 - Level 3.2 Armour
 - Level 3.2 Shields


You had 2 spell levels left.
You didn't know any spells.
Your spell library was empty.

Dungeon Overview and Level Annotations

Branches:
Dungeon (2/15)

Altars:


Innate Abilities, Weirdness & Mutations

Your spellcasting is much less encumbered by armour.
You can use scrolls of enchantment on lesser artefacts.


Message History

The gnoll closely misses you. You block the gnoll's attack.
The gnoll hits you from afar with a +0 spear!
The gnoll hits you with a +0 spear. The gnoll hits you but does no damage.
Unknown command.
Okay, then.
You hit the gnoll.
The gnoll is lightly wounded.
You hit the gnoll. The gnoll closely misses you.
The gnoll hits you with a +0 spear.
* * * LOW HITPOINT WARNING * * *
The gnoll barely misses you.
Unknown command.
You barely miss the gnoll.
The gnoll is lightly wounded.
You hit the gnoll.
You kill the gnoll!
The gnoll barely misses you. The gnoll closely misses you.
You block the gnoll's attack.
Your Axes skill increases to level 4!
You hit the gnoll but do no damage. You closely miss the gnoll.
The gnoll hits you but does no damage. You block the gnoll's attack. x2
The gnoll hits you with a +0 whip.
* * * LOW HITPOINT WARNING * * *
The gnoll hits you with a +0 spear.
* * * LOW HITPOINT WARNING * * *
Unknown command.
Unknown command.
The gnoll closely misses you.
Unknown command.
You barely miss the gnoll.
The gnoll hits you but does no damage. x2
Unknown command.
You closely miss the gnoll. The gnoll completely misses you.
The gnoll barely misses you. You block the gnoll's attack.
Unknown command.
You slash the gnoll!
The gnoll is almost dead.
The gnoll hits you from afar with a +0 spear.
* * * LOW HITPOINT WARNING * * *
The gnoll hits you with a +0 whip.
You die...

#.# #.# #..# #.# ...# ##
#.###...# #.. #.#....# ...
#.....###.# # #..#.##...#
.#..# #.#..#..######.#.>##
#..@#.......#...>... ####
##.##g..............#
.....##..#.g...............
.........#)#...............
..>.......g#.....†.........
..........##...............
........####...............
.......## #...............
....... ##...[....<....#


You could see 2 gnolls.

Vanquished Creatures
  A gnoll (D:2)
  2 dart slugs (D:1)
  3 ball pythons
  2 bats (D:1)
  2 endoplasms (D:1)
  A goblin (D:1)
  A hobgoblin (D:1)
  2 jackals (D:2)
  A quokka (D:1)
  2 kobolds (D:1)
  3 rats (D:1)
20 creatures vanquished.

Notes
Turn   | Place    | Note
-------+----------+-------------------------------------------
     0 | D:1      | Bnni the Mountain Dwarf Fighter began the quest for the
                  | Orb.
     0 | D:1      | Reached XP level 1. HP: 19/19 MP: 1/1
    19 | D:1      | Reached skill level 3 in Axes
    23 | D:1      | Reached XP level 2. HP: 23/26 MP: 2/2
   375 | D:1      | Reached XP level 3. HP: 29/33 MP: 3/3
  1112 | D:2      | Reached skill level 4 in Axes
  1117 | D:2      | Slain by a gnoll

Illustrated notes

Levels and vault maps discovered:
D:1:      erik_arrival_cave_to_civilisation [erik_arrival_cave_to_hall],
          layout_basic, chequers_decorated_corner
D:2:      minmay_spotlight, layout_rooms, fountainhead, kennysheep_flooded_box

Skill      XL: |  1  2  3 |
---------------+----------+-----
Axes           | 3 4 |  4.1
Fighting       | |  3.9
Armour         | |  3.2
Shields        | |  3.2

Action                     || total
---------------------------++-------
  Melee: War axe           ||    74
 Armour: Scale mail        ||    69
  Dodge: Dodged            ||    64
  Block: Buckler           ||    31

Table legend: (Time is in decaauts)
 A = Elapsed time spent in this place.
 B = Non-inter-level travel time spent in this place.
 C = Inter-level travel time spent in this place.
 D = Time resting spent in this place.
 E = Time spent auto-exploring this place.
 F = Levels seen in this place.
 G = Mean time per level.
                   A        B        C        D        E       F      G
               +--------+--------+--------+--------+--------+-----+--------+
         Total |   1142 |   1137 |      5 |      5 |    963 |   2 |  571.0 |
       Dungeon |   1142 |   1137 |      5 |      5 |    963 |   2 |  571.0 |
               +--------+--------+--------+--------+--------+-----+--------+

Top non-repeatable levels by time:
     D:1: 1072 daAuts
     D:2: 70 daAuts
